 Dungeon Crawl Stone Soup version 0.25-a0-1015-g4819203062 (webtiles) character file.

Game seed: 13317434718879502955, levelgen mode: deterministic

83926 EWolf27 the Brawler (level 15, -20/156 HPs)
             Began as a Troll Berserker on May 12, 2020.
             Was a High Priest of Trog.
             Demolished by an ettin
             ... wielding a +2 great mace of protection
              (31 damage)
             ... on level 2 of the Orcish Mines.
             The game lasted 02:19:10 (26317 turns).

EWolf27 the Brawler (Troll Berserker)              Turns: 26317, Time: 02:19:12

Health: -20/156    AC: 17    Str: 36    XL:     15   Next: 33%
Magic:  17/17      EV: 17    Int:  4    God:    Trog [*****.]
Gold:   1435       SH:  3    Dex: 15    Spells: 14/14 levels left

rFire    . . .     SeeInvis +     - Unarmed
rCold    . . .     Gourm    +   (no shield)
rNeg     . . .     Faith    .   D - +5 steam dragon scales
rPois    .         Spirit   .   j - +0 hat
rElec    +         Reflect  +   E - +2 cloak
rCorr    .         Harm     .   (gloves unavailable)
MR       +++..                  (boots unavailable)
Stlth    +.........             N - +3 amulet of reflection
HPRegen  1.76/turn              q - +4 ring of strength
MPRegen  0.15/turn              o - ring "Duqil" {*Drain +Fly rElec Dex+5 SInv}

@: regenerating, lightly drained
A: large, unfitting armour, claws 3, fast metabolism 3, gourmand, regeneration
1, shaggy fur 1, tough skin 3
a: Berserk, Trog's Hand, Brothers in Arms, Renounce Religion, Evoke Flight


You were on level 2 of the Orcish Mines.
You worshipped Trog.
Trog was extremely pleased with you.
You were completely stuffed.

You visited 4 branches of the dungeon, and saw 23 of its levels.
You also visited: Gauntlet.

You collected 2130 gold pieces.
You spent 695 gold pieces at shops.

Inventory:

Hand Weapons
 a - a +4 giant spiked club of electrocution
Missiles
 f - 6 large rocks
 P - 18 poisoned darts
 U - 18 silver javelins (quivered)
Armour
 j - a +0 hat (worn)
 D - +5 steam dragon scales (worn)
 E - a +2 cloak (worn)
Jewellery
 o - the ring "Duqil" (right claw) {*Drain +Fly rElec Dex+5 SInv}
   (You acquired it on level 3 of the Lair of Beasts)

   [ring of flight]

   It affects your dexterity (+5).
   It insulates you from electricity.
   It lets you see invisible.
   It lets you fly.
   It causes draining when unequipped.
 q - a +4 ring of strength (left claw)
 N - a +3 amulet of reflection (around neck)
Wands
 i - a wand of acid (9)
 F - a wand of iceblast (5)
 M - a wand of flame (50)
Scrolls
 g - 4 scrolls of fear
 h - 14 scrolls of remove curse
 k - a scroll of magic mapping
 p - 4 scrolls of identify
 t - a scroll of blinking
 y - 2 scrolls of noise
 I - 2 scrolls of immolation
 J - 9 scrolls of teleportation
 O - 2 scrolls of holy word
 R - a scroll of acquirement
Potions
 c - 4 potions of lignification
 d - 2 potions of heal wounds
 l - 2 potions of ambrosia
 m - 4 potions of haste
 s - a potion of invisibility {unknown}
 u - 3 potions of curing
 w - 6 potions of flight
 x - 3 potions of cancellation
 z - 8 potions of might
 C - a potion of stabbing {unknown}
 H - a potion of resistance {unknown}
 Q - a potion of berserk rage {unknown}
 T - 2 potions of brilliance
Comestibles
 b - 25 rations
 n - 6 chunks of flesh


   Skills:
 - Level 12.0(11.3) Fighting
 + Level 5.4(4.8) Maces & Flails
 - Level 8.0(7.3) Throwing
 + Level 11.9(11.2) Dodging
 + Level 15.5(14.7) Unarmed Combat
 - Level 4.0(3.4) Evocations


You had 14 spell levels left.
You didn't know any spells.
Your spell library was empty.

Dungeon Overview and Level Annotations

Branches:
Dungeon (14/15)            Temple (1/1) D:4            Lair (6/6) D:8
  Swamp (0/4) Lair:3        Snake (0/4) Lair:4        Slime (0/5) Lair:5
    Orc (2/2) D:11            Elf (0/3) Orc:2       Gauntlet (visited)
 Vaults: D:13-14

Altars:
Ashenzari
Cheibriados
Dithmenos
Elyvilon
Fedhas
Gozag
Hepliaklqana
Kikubaaqudgha
Makhleb
Nemelex Xobeh
Okawaru
Qazlal
Ru
Sif Muna
Trog
Uskayaw
Vehumet
Wu Jian
Xom
Yredelemnul
Zin
The Shining One
Beogh
Jiyva

Shops:
D:8 (   D:12 [   Orc:1 :   Orc:2 ??}[*[(

Portals:
Trove: D:14 (give 8 potions of haste)

Annotations:
D:8 1 transporter
D:14 Frances
Lair:3 exclusion: oklob plant


Innate Abilities, Weirdness & Mutations

You are too large for most types of armour.
You have claws for hands.
Your metabolism is lightning-fast.
You like to eat raw meat.
Your natural rate of healing is unusually fast.
You are covered in fur. (AC +1)
You have extremely tough skin. (AC +3)


Message History

The orc completely misses you.
The orc barely misses you. 2 orcs come into view.
The orc shouts!
The orc closely misses you.
An orc warrior comes into view. It is wielding a +0 long sword.
There is a stone staircase leading down, spattered with blood here.
The orc knight roars a battlecry!
The orcs go into a battle-frenzy!
The orc closely misses you. You block the ettin's attack.
The ettin barely misses you. The orc misses you.
You climb downwards.
There is a stone staircase leading up here.
Your skin crawls.
You feel resistant to hostile enchantments.
You feel quite a bit less full. The orc barely misses you.
The orc hits you with a +0 dagger.
The ettin hits you with a +2 great mace of protection!!!
* * * LOW HITPOINT WARNING * * *
The ettin hits you with a +0 dire flail!!
You die...

##..#####.....................≈
##...........#................
###......#####..........#....
#...<.....#...........#....
##........##..........#....
###................)......
##.....................#
#######.....o....#.........#
##.........C@...####.....)).#
##...#####..o......#..#####).#
#...##^..##..........##...##..
##..#.....#.........##.....##.
##.#..8..#.........#)).....#.
#.#.....#.#..#....')).8_.∩#.
#.##.))##....#....#)......#.
#..###'#..#.......##.....##.
###
#..................##...##..


You could see an ettin and 2 orcs.

Vanquished Creatures
  Saint Roka (Orc:2)
  A dire elephant (Lair:6)
  An ettin (Orc:1)
  2 hydras
  2 catoblepae
  7 two-headed ogres
  7 death yaks (Lair:6)
  4 centaur warriors
  2 tengu warriors
  An orc high priest (Orc:2)
  A wizard (Gauntlet)
  4 unseen horrors
  2 oklob plants
  3 orc knights (Orc:2)
  3 lindwurms (Lair:6)
  2 manticores
  3 ugly things
  4 orc sorcerers
  2 cyclopes
  6 black mambas
  7 elephants (Lair:6)
  2 centaur zombies
  3 gargoyles
  3 torpor snails
  15 spiny frogs
  Maggie (D:6)
  A kobold demonologist (D:10)
  A yaktaur (D:13)
  2 rime drakes
  12 komodo dragons
  2 polar bears (Lair:4)
  2 guardian mummies (D:14)
  A hornet (D:9)
  4 trolls
  Grinder (D:4)
  A tyrant leech (Lair:3)
  8 blink frogs
  9 slime creatures
  6 dream sheep (Lair:6)
  9 hippogriffs
  A centaur simulacrum (D:13)
  2 shadows (D:12)
  A meliai zombie (D:14)
  35 yaks
  A wyvern (D:11)
  4 basilisks
  2 wraiths
  3 vampire mosquitoes (D:13)
  7 hungry ghosts
  5 wargs (Orc:2)
  2 acid dragons
  5 swamp worms
  12 water moccasins
  A soldier ant (D:11)
  Duvessa (D:5)
  9 porcupines
  9 ice beasts
  5 phantoms
  35 orc warriors
  3 sky beasts
  A black bear (D:6)
  8 ogres
  A necrophage (D:13)
  12 centaurs
  18 wolves
  10 crocodiles
  3 big kobolds
  19 bullfrogs
  A gnoll sergeant (D:9)
  Dowan (D:5)
  4 scorpions
  15 killer bees
  5 wights
  10 crimson imps
  A quasit (D:9)
  A bullfrog zombie (D:7)
  4 hounds
  23 orc wizards
  15 orc priests
  6 jellies
  4 bullfrog skeletons
  3 centaur skeletons
  A gnoll shaman (D:7)
  4 iguanas
  Ijyb (D:3)
  Natasha (thrice) (D:2)
  9 worker ants
  2 hound zombies (D:9)
  A hound skeleton (D:6)
  2 worker ant zombies
  13 gnolls
  2 howler monkey skeletons
  19 adders
  A shadow imp (D:14)
  2 white imps (Gauntlet)
  An ooze (D:4)
  An adder skeleton (D:4)
  5 worms
  5 dart slugs
  6 leopard geckos
  98 orcs
  A ball python (Lair:4)
  6 bats
  2 giant cockroaches
  A goblin (D:1)
  5 hobgoblins
  10 jackals
  6 quokkas
  A frilled lizard (D:1)
  A giant cockroach zombie (D:6)
  14 kobolds
  A leopard gecko zombie (D:5)
  A quokka skeleton (D:5)
  A quokka zombie (D:5)
  6 rats
  A fungus (Lair:3)
  A plant (Lair:1)
690 creatures vanquished.

Vanquished Creatures (collateral kills)
  An orc warlord (Orc:2)
  A minotaur (Gauntlet)
  2 hydras
  A centaur warrior (D:13)
  A wizard (Gauntlet)
  An orc knight (D:11)
  A manticore (Lair:6)
  A rime drake (Lair:6)
  A hippogriff (D:13)
  A yak (Lair:6)
  A crocodile (Lair:6)
  An adder (D:11)
  A shadow imp (Gauntlet)
  A white imp (Gauntlet)
  3 orcs (Orc:2)
  A plant (Lair:2)
19 creatures vanquished.

Vanquished Creatures (others)
  5 fungi
  5 plants
10 creatures vanquished.

Grand Total: 719 creatures vanquished

Notes
Turn   | Place    | Note
-------+----------+-------------------------------------------
     0 | D:1      | EWolf27 the Troll Berserker began the quest for the Orb.
     0 | D:1      | Reached XP level 1. HP: 22/22 MP: 0/0
    98 | D:1      | Reached XP level 2. HP: 29/29 MP: 1/1
   838 | D:2      | Found a burning altar of Makhleb.
   910 | D:2      | Reached XP level 3. HP: 37/37 MP: 2/2
  1139 | D:2      | Reached ** piety under Trog
  1272 | D:2      | Reached skill level 4 in Unarmed Combat
  1273 | D:2      | Noticed Natasha
  1283 | D:2      | Killed Natasha
  1283 | D:2      | Reached XP level 4. HP: 43/45 MP: 1/3
  1547 | D:2      | Found a burning altar of Makhleb.
  1589 | D:2      | Noticed Natasha
  1594 | D:2      | Killed Natasha
  1735 | D:2      | Noticed Natasha
  1741 | D:2      | Killed Natasha
  2073 | D:3      | Reached XP level 5. HP: 36/54 MP: 0/4
  2198 | D:3      | Noticed Ijyb
  2210 | D:3      | Killed Ijyb
  2572 | D:4      | Noticed Grinder
  2600 | D:4      | Killed Grinder
  2600 | D:4      | Reached skill level 5 in Unarmed Combat
  2600 | D:4      | Reached XP level 6. HP: 58/63 MP: 3/5
  2724 | D:4      | Found a hazy altar of Hepliaklqana.
  2753 | D:4      | Reached XP level 7. HP: 43/71 MP: 3/6
  2804 | D:4      | Found a staircase to the Ecumenical Temple.
  2822 | Temple   | Entered the Ecumenical Temple
  3250 | D:5      | Entered Level 5 of the Dungeon
  4022 | D:5      | Found a basalt altar of Yredelemnul.
  4044 | D:5      | Reached skill level 6 in Unarmed Combat
  4089 | D:5      | Found a radiant altar of Vehumet.
  4092 | D:5      | Found an opulent altar of Gozag.
  4215 | D:5      | Reached skill level 5 in Fighting
  4216 | D:5      | Noticed Dowan
  4228 | D:5      | Killed Dowan
  4278 | D:5      | Noticed Duvessa
  4432 | D:5      | Killed Duvessa
  4512 | D:5      | Reached XP level 8. HP: 80/80 MP: 7/7
  4700 | D:5      | Reached *** piety under Trog
  4713 | D:5      | Found an ornate altar of the Wu Jian Council.
  5008 | D:6      | Reached skill level 7 in Unarmed Combat
  5125 | D:6      | Found a hide-covered altar of Uskayaw.
  5362 | D:6      | Noticed Maggie
  5398 | D:6      | Killed Maggie
  5431 | D:6      | Reached XP level 9. HP: 91/91 MP: 8/8
  6040 | D:7      | Reached skill level 5 in Dodging
  6040 | D:7      | Reached skill level 8 in Unarmed Combat
  6177 | D:7      | Noticed a red ugly thing
  6192 | D:7      | Killed a red ugly thing
  6875 | D:7      | Reached skill level 9 in Unarmed Combat
  7063 | D:7      | Reached **** piety under Trog
  7337 | D:8      | Noticed a kobold demonologist
  7340 | D:8      | Found a transporter.
  7447 | D:8      | Reached XP level 10. HP: 102/102 MP: 9/9
  7853 | D:8      | Found a staircase to the Lair.
  7859 | D:8      | Found a transporter.
  8387 | D:8      | Found a roughly hewn altar of Beogh.
  8425 | D:8      | Found Qun Izim's Antique Weapon Emporium.
  9240 | D:9      | Noticed a two-headed ogre
  9246 | D:9      | Killed a two-headed ogre
  9605 | D:9      | Reached skill level 10 in Unarmed Combat
  9757 | D:10     | Entered Level 10 of the Dungeon
  9998 | D:10     | Reached ***** piety under Trog
 10425 | D:11     | Noticed a two-headed ogre
 10444 | D:11     | Found a staircase to the Orcish Mines.
 10444 | D:11     | Noticed a gargoyle
 10488 | D:10     | Killed a two-headed ogre
 10510 | D:10     | Reached XP level 11. HP: 102/113 MP: 8/10
 10646 | D:11     | Noticed a seven-headed hydra
 10681 | D:10     | Killed a seven-headed hydra
 10681 | D:10     | Reached skill level 1 in Maces & Flails
 11389 | D:12     | Noticed a brown ugly thing
 11401 | D:11     | Killed a brown ugly thing
 11513 | D:12     | Found Kaann's Armour Shop.
 11541 | D:12     | Bought a +2 cloak for 247 gold pieces
 11638 | D:12     | Noticed a cyan ugly thing
 11662 | D:12     | Killed a cyan ugly thing
 11962 | D:12     | Noticed an orc knight
 11965 | D:12     | Received a gift from Trog
 11965 | D:12     | Reached skill level 5 in Maces & Flails
 12076 | D:11     | Killed an orc knight
 12076 | D:11     | Reached skill level 10 in Fighting
 12276 | D:12     | Killed an unseen horror
 12316 | D:12     | Noticed a two-headed ogre
 12337 | D:12     | Killed a two-headed ogre
 12475 | D:12     | Noticed a centaur warrior
 12480 | D:12     | Killed a centaur warrior
 12480 | D:12     | Reached XP level 12. HP: 126/126 MP: 11/11
 12508 | D:12     | Reached skill level 11 in Unarmed Combat
 13067 | D:12     | Reached skill level 1 in Evocations
 13868 | D:12     | Noticed a two-headed ogre
 13874 | D:12     | Killed a two-headed ogre
 14035 | D:13     | Noticed a two-headed ogre
 14042 | D:13     | Killed a two-headed ogre
 14065 | D:13     | Noticed a centaur warrior
 14083 | D:13     | Killed a centaur warrior
 14084 | D:13     | Noticed a tengu warrior
 14098 | D:13     | Killed a tengu warrior
 14260 | D:13     | Noticed a centaur warrior
 14278 | D:13     | Killed a centaur warrior
 14392 | D:13     | Reached skill level 12 in Unarmed Combat
 14429 | D:13     | Noticed a two-headed ogre
 14448 | D:13     | Killed a two-headed ogre
 14542 | D:13     | Noticed a centaur warrior
 14549 | D:13     | Killed a centaur warrior
 14647 | D:13     | Found a shadowy altar of Dithmenos.
 14864 | D:13     | Reached XP level 13. HP: 94/137 MP: 14/14
 15557 | D:14     | Found a portal to a secret trove of treasure.
 15666 | D:14     | Noticed a fire dragon
 15975 | D:14     | Noticed Frances
 16203 | Lair:1   | Entered Level 1 of the Lair of Beasts
 16267 | Lair:1   | Found a gate leading to a gauntlet.
 16341 | Gauntlet | Entered a Gauntlet
 16341 | Gauntlet | Found a transporter.
 16341 | Gauntlet | Found a runed translucent door.
 16341 | Gauntlet | Found a transporter.
 16351 | Gauntlet | Found a transporter.
 16354 | Gauntlet | Found a transporter.
 16358 | Gauntlet | Found a runed translucent door.
 16360 | Gauntlet | Found a runed translucent door.
 16362 | Gauntlet | Found a transporter.
 16366 | Gauntlet | Found a transporter.
 16374 | Gauntlet | Found a transporter.
 16391 | Gauntlet | Found a transporter.
 16409 | Gauntlet | Found a transporter.
 16410 | Gauntlet | Found a transporter.
 16418 | Gauntlet | Found a transporter.
 16422 | Gauntlet | Found a transporter.
 16426 | Gauntlet | Found a runed translucent door.
 16494 | Gauntlet | Found a runed translucent door.
 16563 | Gauntlet | Got an encrusted dagger
 16622 | Gauntlet | Noticed a minotaur
 16628 | Gauntlet | Killed a minotaur
 16637 | Gauntlet | Identified the Volume of Unstable Flight
 16805 | Lair:1   | Reached skill level 5 in Throwing
 17039 | Lair:1   | Reached skill level 13 in Unarmed Combat
 17212 | Lair:2   | Found an iron altar of Okawaru.
 19456 | Lair:3   | Identified 2 scrolls of acquirement
 19457 | Lair:3   | Identified the +8 giant club "Xeuhok Leno" {flame, +Blink
                  | Str+2 Int+4} (You acquired it on level 3 of the Lair of
                  | Beasts)
 19457 | Lair:3   | Identified the ring "Duqil" {*Drain +Fly rElec Dex+5 SInv}
                  | (You acquired it on level 3 of the Lair of Beasts)
 19562 | Lair:3   | Got a vibrating glass ring
 19564 | Lair:3   | Identified the ring "Ikacs" {rPois rF+ Int-3 SInv} (You
                  | found it on level 3 of the Lair of Beasts)
 19640 | Lair:3   | Found a staircase to the Swamp.
 19992 | Lair:3   | Reached XP level 14. HP: 127/149 MP: 16/16
 20609 | Lair:4   | Found a staircase to the Snake Pit.
 21301 | Lair:5   | Reached skill level 10 in Dodging
 21644 | Lair:5   | Found a staircase to the Slime Pits.
 21644 | Lair:5   | Found a viscous altar of Jiyva.
 22146 | Lair:6   | Entered Level 6 of the Lair of Beasts
 22224 | Lair:6   | Received a gift from Trog
 22309 | Lair:6   | Reached skill level 14 in Unarmed Combat
 23013 | Lair:6   | Found a basalt altar of Yredelemnul.
 24417 | Orc:1    | Entered Level 1 of the Orcish Mines
 24417 | Orc:1    | Found Comy's Book Shop.
 24499 | Orc:1    | Reached XP level 15. HP: 144/156 MP: 17/17
 24639 | Orc:2    | Entered Level 2 of the Orcish Mines
 24646 | Orc:2    | Reached skill level 15 in Unarmed Combat
 24850 | Orc:2    | Noticed Saint Roka
 24889 | Orc:2    | Killed Saint Roka
 25284 | Orc:2    | Noticed an orc warlord
 25342 | Orc:2    | Killed an orc warlord
 25345 | Orc:2    | Found Jeih's Antique Armour Emporium.
 25348 | Orc:2    | Found a roughly hewn altar of Beogh.
 25352 | Orc:2    | Found Mimoluq's Antique Weapon Shoppe.
 25447 | Orc:2    | Found Picuaq's General Store.
 25469 | Orc:2    | Bought a scroll of enchant armour for 90 gold pieces
 25475 | Orc:2    | Found a roughly hewn altar of Beogh.
 25508 | Orc:2    | Found a staircase to the Elven Halls.
 25659 | Orc:2    | Found a roughly hewn altar of Beogh.
 25659 | Orc:2    | Found Tunuang's Magic Scroll Shoppe.
 25695 | Orc:2    | Bought a scroll of noise for 12 gold pieces
 25695 | Orc:2    | Bought a scroll of torment for 90 gold pieces
 25695 | Orc:2    | Bought a scroll of identify for 24 gold pieces
 25695 | Orc:2    | Bought a scroll of identify for 24 gold pieces
 25695 | Orc:2    | Bought a scroll of identify for 24 gold pieces
 25695 | Orc:2    | Bought a scroll of identify for 24 gold pieces
 25702 | Orc:2    | Bought a scroll of holy word for 90 gold pieces
 25761 | Orc:2    | Found a roughly hewn altar of Beogh.
 25763 | Orc:2    | Found Biatut's Gadget Shoppe.
 25850 | Orc:2    | Found Cofat's Magic Scroll Emporium.
 25866 | Orc:2    | Bought a scroll of identify for 20 gold pieces
 25866 | Orc:2    | Bought a scroll of identify for 20 gold pieces
 25866 | Orc:2    | Bought a scroll of teleportation for 30 gold pieces
 25922 | Orc:2    | Found Ranorgh Fiet's Armour Boutique.
 26189 | Orc:2    | Found a roughly hewn altar of Beogh.
 26308 | Orc:1    | Found a shimmering altar of Xom.
 26317 | Orc:2    | Demolished by an ettin

Illustrated notes

Levels and vault maps discovered:
D:1:      wander_arrival_peaceful_grave, layout_loops_cross, minmay_pentomino_q4
D:2:      layout_basic, bloody_makhleb, uniq_natasha
D:3:      layout_rooms, uniq_ijyb
D:4:      layout_basic, nicolae_overflow_crystal_walls,
          minmay_temple_entry_glass, first_ration, st_stairs_7,
          kennysheep_generic_room_5, uniq_grinder
D:5:      layout_basic, lemuel_doored_altar, grunt_temple_overflow_open,
          uniq_duvessa
D:6:      layout_basic, basic_altar, cheibrodos_sewer_entry_bend,
          minmay_misc_feat_doors, uniq_maggie
D:7:      minmay_the_grid_four_pointed_star
          [minmay_the_grid_triangle_9x9_corruption,
          minmay_the_grid_triangle_9x9_negative_grid,
          minmay_the_grid_triangle_9x9_corrupted_corridor,
          minmay_the_grid_triangle_9x9_flanged_cone,
          minmay_the_grid_prize_inner_circle], layout_basic, grunt_ogre_cave,
          minmay_misc_feat_rows
D:8:      gammafunk_wand_slinger, layout_loops_corners, lair_entry_dummy,
          special_room [special_room_orc], serial_shops, shop_fountains
D:9:      layout_grid_maze
D:10:     layout_cave_pools
D:11:     layout_roguey, david_orc_2, hangedman_decor_slide_cut
D:12:     minmay_imperfect_grid, layout_gridville, serial_shops, shop
D:13:     layout_basic, basic_altar
D:14:     layout_loops_ring, david_vaults_1, serial_park_tiny_2,
          nicolae_trove_entry_path_of_doom, serial_shops, shop,
          lemuel_statue_altar, uniq_frances
Temple:   minmay_temple_bridge_d
Lair:1:   layout_cave_shapes, gauntlet_entry_generic, serial_bayou_lagoon_a
Lair:2:   layout_roguey, lemuel_oklob_altar
Lair:3:   dpeg_oklob_gauntlet, layout_chaotic_city, minmay_swamp_entry_worms,
          worms_lemuel, grunt_megastairs_1
Lair:4:   layout_gridlike, minmay_snake_entry_six_corridors
Lair:5:   layout_hall_layers, slime_altar_1
Lair:6:   hangedman_lair_in_review, layout_cave_pods, basic_altar
Orc:1:    layout_caves, enter_bailey_3, serial_shops, shop_fountains, shop,
          basic_altar
Orc:2:    grunt_orc_community_town_hall, layout_diamond_mine,
          grunt_orc_community_big_house_1, grunt_orc_community_big_house_1,
          grunt_orc_community_house_2, grunt_orc_community_house_2,
          grunt_orc_community_house_3, grunt_orc_community_house_1,
          grunt_orc_community_house_3, grunt_orc_community_house_3,
          serial_shops, nicolae_shop_waterfront, shop_scrolls, shop,
          uniq_saint_roka

Skill      XL: |  1  2  3  4  5  6  7  8  9 10 11 12 13 14 15 |
---------------+----------------------------------------------+-----
Fighting       | 3 4 5 6 7 8 10 11 12 | 12.0
Unarmed Combat | 4 5 6 7 9 10 12 13 14 15 | 15.5
Throwing       | 2 3 6 8 |  8.0
Dodging        | 3 4 6 7 8 9 11 | 11.9
Maces & Flails | 5 |  5.4
Evocations     | 3 4 |  4.0

Action                   |  1- 3 |  4- 6 |  7- 9 | 10-12 | 13-15 || total
-------------------------+-------+-------+-------+-------+-------++-------
Melee: Unarmed           |   109 |   101 |   299 |   716 |   978 ||  2203
       Punch             |     1 |     3 |    23 |    30 |   107 ||   164
       Giant spiked club |       |       |       |     3 |     6 ||     9
Throw: Javelin           |       |       |       |       |    35 ||    35
Invok: Trog's Hand       |       |     1 |     1 |     7 |    10 ||    19
       Berserk           |       |       |     1 |     2 |     1 ||     4
       Brothers in Arms  |       |       |       |     3 |     6 ||     9
  Use: Scroll            |       |     3 |     7 |     4 |    25 ||    39
       Potion            |       |       |     1 |       |     1 ||     2
 Stab: Sleeping          |       |     1 |     2 |       |     1 ||     4
       Distracted        |       |       |       |     1 |     3 ||     4
  Eat: Chunk             |    16 |     8 |    47 |    78 |   109 ||   258
       Ration            |       |     2 |     1 |     3 |     3 ||     9
Armor: Animal skin       |    28 |    25 |    54 |       |       ||   107
       Steam dragon scal |       |       |    54 |   387 |   366 ||   807
Dodge: Dodged            |    56 |    37 |   131 |   465 |   720 ||  1409
Block: Other             |       |       |       |       |   100 ||   100

Table legend:
 A = Non-vault XP
 B = Vault XP
 C = Vault XP percentage of total XP
 D = Non-vault monster count
 E = Vault monster count
 F = Vault count percentage of total count
                 A         B        C        D         E       F
            +---------+---------+-------+---------+---------+-------
      Total |   77586 |   42309 |  35.3 |     487 |     219 |  31.0
            +---------+---------+-------+---------+---------+-------
        D:1 |      30 |       6 |  16.7 |      18 |       3 |  14.3
        D:2 |     116 |      35 |  23.2 |      17 |       1 |   5.6
        D:3 |      49 |      35 |  41.7 |      10 |       1 |   9.1
        D:4 |     409 |     284 |  41.0 |      20 |       2 |   9.1
        D:5 |     564 |     214 |  27.5 |      23 |       2 |   8.0
        D:6 |     705 |     386 |  35.4 |      12 |       3 |  20.0
        D:7 |    1092 |    1527 |  58.3 |      21 |      15 |  41.7
        D:8 |     411 |     359 |  46.6 |      12 |      18 |  60.0
        D:9 |    2609 |       0 |   0.0 |      28 |       0 |   0.0
       D:10 |    2895 |      18 |   0.6 |      30 |       6 |  16.7
       D:11 |    1610 |     459 |  22.2 |       8 |       2 |  20.0
       D:12 |    7871 |    7702 |  49.5 |      52 |      23 |  30.7
       D:13 |   10950 |       0 |   0.0 |      33 |       0 |   0.0
       D:14 |    4043 |    1516 |  27.3 |      22 |       3 |  12.0
     Lair:1 |    3576 |       0 |   0.0 |      16 |       0 |   0.0
     Lair:2 |    6015 |     439 |   6.8 |      29 |       1 |   3.3
     Lair:3 |    6496 |    1204 |  15.6 |      26 |       9 |  25.7
     Lair:4 |    4287 |    1188 |  21.7 |      19 |      13 |  40.6
     Lair:5 |    4313 |       0 |   0.0 |      20 |       0 |   0.0
     Lair:6 |   14317 |   10618 |  42.6 |      38 |      21 |  35.6
      Orc:1 |    1936 |       0 |   0.0 |       8 |       0 |   0.0
      Orc:2 |    2774 |   13924 |  83.4 |      24 |      84 |  77.8
   Gauntlet |     518 |    2395 |  82.2 |       1 |      12 |  92.3
            +---------+---------+-------+---------+---------+-------
